 Dungeon Crawl Stone Soup version 0.30-a0-118-ga018f8e90f (webtiles) character file.

Game seed: 8596997322165561897

894 bande the Chopper (level 8, -10/72 HPs)
             Began as a Gargoyle Fighter on Sept 13, 2022.
             Killed by divine providence
             ... invoked by an orc priest
              (14 damage)
             ... on level 5 of the Dungeon.
             The game lasted 00:08:07 (4300 turns).

bande the Chopper (Gargoyle Fighter)                Turns: 4300, Time: 00:08:08

Health: -10/72     AC: 24    Str: 21    XL:     8   Next: 6%
Magic:  8/8        EV:  2    Int:  8    God:
Gold:   172        SH:  6    Dex: 17    Spells: 7/7 levels left

rFire   . . .      SeeInvis .    a - +0 war axe
rCold   . . .      Faith    .    c - +1 buckler
rNeg    + . .      Spirit   .    (body armour currently unavailable)
rPois   ∞          Reflect  .    (helmet currently unavailable)
rElec   .          Harm     .    (cloak currently unavailable)
rCorr   +          Rampage  .    (gloves currently unavailable)
Will    .....      NoTele   +    (boots currently unavailable)
Stlth   ++........               (no amulet)
HPRegen 0.22/turn                h - ring of resist corrosion
MPRegen 0.11/turn                i - +6 ring of dexterity

@: mighty, tree-form (expiring)
A: stationary, stasis, torment immunity, boosted hp, sickness immunity, AC +5,
negative energy resistance 1, (electricity resistance), torment resistance 1,
petrification resistance
a: no special abilities


You were on level 5 of the Dungeon.
You were a tree.
You visited 1 branch of the dungeon, and saw 6 of its levels.

You collected 172 gold pieces.

Inventory:

Hand Weapons
 a - a +0 war axe (weapon)
 k - a +0 flail of protection
Armour
 c - a +1 buckler (worn)
 n - a +0 chain mail (melded)
 o - a scarf of invisibility (melded)
Jewellery
 h - a ring of resist corrosion (left branch)
 i - a +6 ring of dexterity (right branch)
Wands
 b - a wand of roots (20)
Scrolls
 f - a scroll of summoning
 g - a scroll of enchant armour
 p - 2 scrolls of magic mapping
 q - a scroll of immolation {unknown}
 r - a scroll of torment {unknown}
 t - 2 scrolls of identify
Potions
 e - 3 potions of flight
 l - 2 potions of attraction
 s - a potion of cancellation


   Skills:
 + Level 4.9 Fighting
 + Level 5.7 Axes
 + Level 4.7 Armour
 - Level 0.3 Stealth
 + Level 4.6 Shields
 * Level 2.8 Evocations


You had 7 spell levels left.
You didn't know any spells.
Your spell library contained the following spells:

 Spells                   Type           Power      Damage    Failure   Level
 Necrotise                Necr           0%         1d4       50%         1
 Vampiric Draining        Necr           0%         2d6       86%         3
 Agony                    Necr           0%         N/A       100%        5


Dungeon Overview and Level Annotations

Branches:
Dungeon (6/15)             Temple (0/1) D:4

Altars:
Yredelemnul

Shops:
D:3 (=


Innate Abilities, Weirdness & Mutations

You are a tree.
Your roots penetrate the ground, keeping you stationary.
You cannot be teleported.
You are immune to unholy pain and torment.
Your maximum health is greatly increased.
Your equipment is partially melded.
You are immune to sickness and miasma.
((Your stone body is resilient. (AC +5)))
You are immune to poison.
You resist negative energy. (rN+)
((You are resistant to electric shocks. (rElec)))
You are resistant to unholy torment.
You are immune to petrification.


Message History

You hit the orc.
The orc is severely wounded.
You block the orc priest's attack. The orc hits you but does no damage.
You block the orc's attack.
Unknown command.
You barely miss the orc.
The orc is severely wounded.
The orc priest hits you but does no damage.
The orc hits you but does no damage.
The orc hits you from afar with a +0 trident.
* * * LOW HITPOINT WARNING * * *
You hit the orc.
You kill the orc!
The orc priest hits you but does no damage.
The orc hits you but does no damage.
You cannot move.
You cannot move.
Unknown command.
You cannot move.
Unknown command.
You block the orc priest's attack. The orc hits you but does no damage.
You block the orc priest's attack. The orc hits you but does no damage.
The orc priest hits you but does no damage.
The orc barely misses you.
The orc priest hits you but does no damage.
You block the orc's attack. The orc priest barely misses you.
You block the orc's attack. The orc priest barely misses you.
The orc hits you but does no damage.
The orc priest hits you but does no damage.
The orc hits you but does no damage. You block the orc's attack.
The orc priest miscasts a cantrip.
The orc priest hits you but does no damage.
The orc hits you but does no damage.
The orc priest hits you but does no damage.
The orc hits you but does no damage.
Your transformation is almost over.
The orc priest invokes the aid of Beogh against you.
Beogh smites you!
You die...

*,,,..# *****##.#*#.# *,,,,...#
#.######## *******,*###..#
#.#......##### *,,,,,,,,,.#..#
#.#.###......# *,,,,,,,,,,.h.#
#.#.# #..###.#
*,,,,.,,,,,#..###.#.###..###.##
*****#...###o##................
*,,,.....oho)♣................
*,,,......o#####.#####.####.##
*,,,.......* #...,...#......
*,,,>.....?* #####*###......
*,,,......o* #......
*,,,.....!.* #......
*,,,.......* #......
*,,,...oo..****** #......
*,,,,,,,,,,,,,,,* #......


You could see an orc priest, 3 orcs and a jackal.

Vanquished Creatures
  Grinder (D:4)
  2 phantoms
  A necrophage (D:5)
  2 scorpions
  2 hounds (D:6)
  An iguana (D:5)
  2 orc wizards (D:4)
  6 gnolls
  5 adders
  An ufetubus (D:4)
  A worm (D:2)
  17 orcs
  14 ball pythons
  6 endoplasms
  3 giant cockroaches
  11 goblins
  7 hobgoblins
  4 jackals (D:2)
  2 quokkas (D:2)
  4 bats
  6 frilled lizards
  7 kobolds
  2 quokka zombies (D:3)
  3 rats
110 creatures vanquished.

Vanquished Creatures (collateral kills)
  A quokka (D:3)
1 creature vanquished.

Grand Total: 111 creatures vanquished

Notes
Turn   | Place    | Note
-------+----------+-------------------------------------------
     0 | D:1      | bande the Gargoyle Fighter began the quest for the Orb.
     0 | D:1      | Reached XP level 1. HP: 14/14 MP: 1/1
    12 | D:1      | Found a faded altar of an unknown god.
    42 | D:1      | Reached XP level 2. HP: 14/19 MP: 2/2
   417 | D:1      | Reached skill level 2 in Axes
   770 | D:1      | Reached XP level 3. HP: 24/24 MP: 3/3
  1301 | D:2      | Reached XP level 4. HP: 26/29 MP: 4/4
  1913 | D:3      | Found Loplin's Weapon Boutique.
  1944 | D:3      | Noticed a phantom
  1947 | D:3      | Reached skill level 3 in Axes
  1956 | D:3      | Killed a phantom
  1957 | D:3      | Reached XP level 5. HP: 32/33 MP: 5/5
  2078 | D:3      | Found Wucliohi's Jewellery Emporium.
  2347 | D:3      | Reached skill level 1 in Evocations
  2652 | D:3      | Reached XP level 6. HP: 38/38 MP: 6/6
  2655 | D:3      | Found a basalt altar of Yredelemnul.
  2705 | D:4      | Noticed Grinder
  2716 | D:4      | Paralysed by Grinder for 5 turns
  2894 | D:4      | Killed Grinder
  2895 | D:4      | Reached skill level 4 in Axes
  3016 | D:4      | Reached XP level 7. HP: 42/44 MP: 7/7
  3462 | D:4      | Found a staircase to the Ecumenical Temple.
  3726 | D:5      | Entered Level 5 of the Dungeon
  3939 | D:5      | Reached skill level 5 in Axes
  4261 | D:6      | Noticed a steam dragon
  4287 | D:5      | Reached XP level 8. HP: 7/48 MP: 8/8
  4288 | D:5      | HP: 1/72 [orc/+0 trident (6)]
  4300 | D:5      | Killed from afar by an orc priest

Illustrated notes

Levels and vault maps discovered:
D:1:      wander_arrival_abandoned_jail, layout_loops_ring,
          basic_ecumenical_altar
D:2:      layout_loops_ring
D:3:      layout_rooms, lemuel_zombie_altar_yredelemnul, serial_shops,
          nicolae_shop_statue_plus, nicolae_shop_trees, saegor_snake_ambush
D:4:      layout_rooms, minmay_temple_entry_enclosed_plants, serial_glass,
          glass_columns_a, glass_columns_a, hangedman_decor_peaks_small,
          uniq_grinder
D:5:      layout_basic, kennysheep_generic_room_7
D:6:      layout_loops_corners, nicolae_overflow_hidden_temple,
          ashenzari_altar_1

Skill      XL: |  1  2  3  4  5  6  7 |
---------------+----------------------+-----
Axes           | 2 3 4 5 |  5.7
Fighting       | 4 |  4.9
Armour         | 4 |  4.7
Shields        | 4 |  4.6
Evocations     | 1 2 |  2.8
Stealth        | |  0.3

Action                   |  1- 3 |  4- 6 |  7- 9 || total
-------------------------+-------+-------+-------++-------
Melee: War axe           |   129 |   122 |   110 ||   361
  Use: Scroll            |       |     5 |     4 ||     9
       Potion            |       |       |     6 ||     6
Armor: Scale mail        |    86 |    13 |       ||    99
       Chain mail        |       |    59 |    88 ||   147
       Skin              |       |       |    22 ||    22
Dodge: Dodged            |    68 |    41 |    51 ||   160
Block: Buckler           |    51 |    24 |    46 ||   121

Table legend: (Time is in decaauts)
 A = Elapsed time spent in this place.
 B = Non-inter-level travel time spent in this place.
 C = Inter-level travel time spent in this place.
 D = Time resting spent in this place.
 E = Time spent auto-exploring this place.
 F = Levels seen in this place.
 G = Mean time per level.
                   A        B        C        D        E       F      G
               +--------+--------+--------+--------+--------+-----+--------+
         Total |   4449 |   4336 |    113 |    497 |   2976 |   6 |  741.5 |
       Dungeon |   4449 |   4336 |    113 |    497 |   2976 |   6 |  741.5 |
               +--------+--------+--------+--------+--------+-----+--------+

Top non-repeatable levels by time:
     D:2: 1115 daAuts
     D:3: 1006 daAuts
     D:4: 884 daAuts
     D:1: 849 daAuts
     D:5: 368 daAuts
     D:6: 225 daAuts
